AoeStats
← krmars2

Arabian Desert

509508491Analyzed
1v1 RM · 5d ago on Sep 27, 2026· 42m 3s· 2 players
Game mode
Random Map
Map size
Tiny (2 player)
Population
200
Speed
Normal
Resources
Standard
Victory
Conquest
Starting age
Dark Age
Ending age
Imperial Age
RankedLock teamsTeams togetherTeam positionsShared explorationLock speedFull tech treeHidden civsTurbo modeCheats
Victory
Defeat
🇦🇷 Ethiopians · Argentina
1045
+15
🇺🇸 Magyars · United States
1013
-15
krmars2
8:01 Loom
10:47 Feudal Age
11:35 Horse Collar
11:56 Double-Bit Axe
21:43 Wheelbarrow
24:04 Castle Age
22:46 Padded Archer Armor
22:37 Fletching
23:49 Bloodlines
23:48 Scale Barding Armor
25:16 Gold Mining
27:22 Bow Saw
28:28 Elite Skirmisher
30:15 Gold Shaft Mining
34:22 Bodkin Arrow
ElNegro
6:58 Loom
9:34 Feudal Age
10:04 Double-Bit Axe
21:43 Castle Age
19:49 Gold Mining
19:56 Horse Collar
20:30 Fletching
21:43 Wheelbarrow
22:02 Crossbowman
23:38 Squires
25:10 Gold Shaft Mining
26:16 Bodkin Arrow
28:54 Thumb Ring
40:03 Imperial Age
38:20 Forging
38:11 Scale Mail Armor
41:07 Ballistics
40:23 Halberdier
41:39 Iron Casting
41:19 Chain Mail Armor
Connection lost

Rejoining the realm…

Still unreachable

The connection could not be restored.

Session expired

The server has moved on; the page needs a fresh start.